 Dungeon Crawl Stone Soup version 0.17-a0-1-g1f4be75 (webtiles) character file.

129 toofou the Skirmisher (level 4, -2/41 HPs)
             Began as a Minotaur Berserker on Mar 3, 2015.
             Was an Elder of Trog.
             Killed from afar by an orc wizard (5 damage)
             ... with a puff of flame
             ... on level 3 of the Dungeon.
             The game lasted 00:14:22 (2666 turns).

toofou the Skirmisher (Minotaur Berserker)          Turns: 2666, Time: 00:14:23

Health: -2/41      AC:  5    Str: 23    XL:     4   Next: 88%
Magic:  2/2        EV: 11    Int:  6    God:    Trog [****..]
Gold:   65         SH:  0    Dex:  9    Spells: 0 memorised, 3 levels left

rFire  . . .     SeeInvis .     j - +0 flail
rCold  . . .     Clarity  .     i - +0 ring mail
rNeg   . . .     SustAb   .     (no shield)
rPois  .         Gourm    .     (helmet restricted)
rElec  .         Spirit   .     (no cloak)
rCorr  .         Warding  .     (no gloves)
rMut   .         Stasis   .     (no boots)
MR     .....                    o - amulet of faith
Stlth  +.........               (no ring)
                                q - +2 ring of intelligence

@: starving, not resistant to hostile enchantments, very unstealthy
A: retaliatory headbutt, horns 2
a: Burn Spellbooks, Berserk, Trog's Hand, Brothers in Arms, Renounce Religion


You were on level 3 of the Dungeon.
You worshipped Trog.
Trog was greatly pleased with you.
You were starving.

You visited 1 branch of the dungeon, and saw 3 of its levels.

You collected 65 gold pieces.

Inventory:

Hand weapons
 a - a +0 falchion
 j - a +0 flail (weapon)
Armour
 b - a +0 animal skin
 i - a +0 ring mail (worn)
Jewellery
 o - an amulet of faith (around neck)
 q - a +2 ring of intelligence (left hand)
Scrolls
 n - 3 scrolls of identify
 p - a scroll of noise {unknown}
 r - a scroll of magic mapping {unknown}
Potions
 c - a potion of poison {unknown}
 d - a potion of flight
 e - a potion of heal wounds {unknown}
 f - a potion of curing {unknown}
 h - a potion of restore abilities {unknown}
 k - a potion of lignification {unknown}
 l - a potion of haste {unknown}
Comestibles
 g - 3 meat rations
 m - 2 fruits


   Skills:
 + Level 4.9 Fighting
 + Level 4.2 Long Blades
 + Level 1.0 Maces & Flails
 + Level 3.2 Armour
 + Level 3.2 Dodging
 + Level 0.6 Stealth


You had 3 spell levels left.
You didn't know any spells.

Dungeon Overview and Level Annotations

Branches:
Dungeon (3/15)

Altars:


Innate Abilities, Weirdness & Mutations

You reflexively headbutt those who attack you in melee.
You have a pair of horns on your head.


Message History

You are confused.
Something hits you but does no damage.
Things that are here:
a falchion; an orc corpse You're too confused to move!
Something hits you but does no damage.
Things that are here:
a falchion; an orc corpse You completely miss something.
You headbutt something. Something hits you.
* * * LOW HITPOINT WARNING * * *
Something hits you but does no damage.
You miss something. You headbutt something.
Something hits you but does no damage.
You closely miss something.
You feel less confused.
You hear some strange, mumbled words.
Something tries to affect you, but you resist.
You miss something. You headbutt something.
You hear some strange, mumbled words.
The puff of flame hits you!
You die...

##### #...######
#...........
#######...#..# ...
........)).(..#....
.......)..$.........
####?...{@#.....###
#.###..#.#.### ##.#
#..#.# #
......#..#)#
......#..#)#
......'..#)#
#......#.รท#)#
#...........#.#
#......##.)##.#


There were no monsters in sight!

Vanquished Creatures
  Robin (D:3)
  2 adders (D:3)
  2 worms
  2 giant geckos
  8 orcs (D:3)
  3 bats
  A giant cockroach (D:1)
  20 goblins
  8 hobgoblins
  8 kobolds
  A quokka (D:3)
  2 ball pythons (D:2)
  6 giant newts
  4 jackals (D:1)
  8 rats
76 creatures vanquished.

Notes
Turn   | Place    | Note
--------------------------------------------------------------
     0 | D:1      | toofou, the Minotaur Berserker, began the quest for the Orb.
     0 | D:1      | Reached XP level 1. HP: 19/19 MP: 1/1
   628 | D:1      | Reached XP level 2. HP: 27/27 MP: 1/1
   703 | D:1      | Reached skill level 4 in Fighting
   840 | D:1      | Acquired Trog's second power
  1396 | D:2      | Reached XP level 3. HP: 32/34 MP: 2/2
  2259 | D:3      | Reached XP level 4. HP: 37/41 MP: 2/2
  2279 | D:3      | Noticed Robin
  2314 | D:3      | Killed Robin
  2350 | D:3      | Reached skill level 1 in Maces & Flails
  2355 | D:3      | Acquired Trog's third power
  2666 | D:3      | Killed from afar by an orc wizard

Action                   |  1- 3 |  4- 6 || total
-------------------------+-------+-------++-------
Melee: Falchion          |    46 |       ||    46
       Flail             |    54 |    52 ||   106
Invok: Berserk           |       |     1 ||     1
  Use: Scroll            |     1 |     2 ||     3
  Eat: Bread ration      |     1 |       ||     1
